 Dungeon Crawl Stone Soup version 0.19-a0-262-g5df7875 (webtiles) character file.

152 oplop the Sneak (level 5, -4/28 HPs)
             Began as a Vine Stalker Assassin on May 26, 2016.
             Killed by divine providence
             ... invoked by an orc priest
              (8 damage)
             ... on level 4 of the Dungeon.
             The game lasted 00:06:43 (2712 turns).

oplop the Sneak (Vine Stalker Assassin)             Turns: 2712, Time: 00:06:44

Health: -4/28      AC:  4    Str: 13    XL:     5   Next: 34%
Magic:  0/6        EV: 11    Int: 11    God:
Gold:   152        SH:  0    Dex: 17    Spells: 0 memorised, 4 levels left

rFire  . . .     SeeInvis .     a - +2 dagger
rCold  . . .     Gourm    .     c - +0 robe
rNeg   . . .     Faith    .     (no shield)
rPois  .         Spirit   +     (no helmet)
rElec  .         Dismiss  .     d - +0 cloak
rCorr  .         Reflect  .     w - +0 pair of gloves
SustAt .         Harm     .     (no boots)
MR     .....                    (no amulet)
Stlth  +.........               (no ring)
                                (no ring)

@: confused, not resistant to hostile enchantments, very unstealthy
A: fangs 2, regeneration 1, magic shield, antimagic bite, no device heal 3, rot
immunity
a: no special abilities


You were on level 4 of the Dungeon.
You were not hungry.

You visited 1 branch of the dungeon, and saw 4 of its levels.

You collected 152 gold pieces.

Inventory:

Hand Weapons
 a - a +2 dagger (weapon)
 b - a +0 blowgun
Missiles
 e - 32 poisoned needles
 q - 2 throwing nets (quivered)
Armour
 c - a +0 robe (worn)
 d - a +0 cloak (worn)
 w - a +0 pair of gloves (worn)
Jewellery
 k - an uncursed amulet of the gourmand {unknown}
Wands
 y - a wand of slowing (21/48)
Scrolls
 f - a scroll of blinking {unknown}
 n - a scroll of remove curse
 p - 2 scrolls of identify
 r - a scroll of noise {unknown}
 t - a scroll of enchant weapon {unknown}
 v - a scroll of teleportation
Potions
 h - 2 potions of agility
 l - 2 potions of degeneration {unknown}
 m - 3 potions of curing {unknown}
 o - a potion of ambrosia {unknown}
 u - a potion of lignification {unknown}
Comestibles
 g - 3 bread rations
 i - 2 meat rations
 j - 2 slices of pizza
 s - 3 fruits


   Skills:
 + Level 2.8 Fighting
 + Level 2.9 Short Blades
 + Level 2.8 Throwing
 - Level 0.7 Dodging
 + Level 5.8 Stealth


You had 4 spell levels left.
You didn't know any spells.

Dungeon Overview and Level Annotations

Branches:
Dungeon (4/15)
 Temple: D:4-7

Altars:
Gozag
Trog
Ukayaw

Annotations:
D:4 oplop's ghost, amateur VSEn


Innate Abilities, Weirdness & Mutations

You have extremely sharp teeth.
Your natural rate of healing is unusually fast.
When hurt, damage is shared between your health and your magic reserves.
Your bite disrupts and absorbs the magic of your enemies.
Potions and wands cannot restore your health.
You are immune to rotting.


Message History

You barely miss the orc priest.
The orc priest is severely wounded.
The orc closely misses you.
You hear some strange, mumbled words.
You are confused.
An orc comes into view. It is wielding a club.
You barely miss something. You bite something. You drain its magic.
You feel invigorated.
The orc priest hits you but does no damage.
The orc closely misses you.
You hit the orc priest. You bite the orc priest. You drain its power.
You feel invigorated.
The orc priest is almost dead.
Something hits you.
* * * LOW HITPOINT WARNING * * *
The orc priest closely misses you. The orc hits you with a whip.
You miss something. Something hits you but does no damage.
The orc priest invokes the aid of Beogh against you.
Beogh smites you!
You die...

..... #.. ......
#..# 8..#..
######..###
..###.
.(..!.....######
.. #.
...(...........#
...............#
...............#
.......o.......#
.....o{@.......#
####..o##<.....#
#.##< ##.....# #
.. ####### ###


You could see an orc priest and 2 orcs.

Vanquished Creatures
  A hound (D:3)
  An orc priest (D:4)
  2 adders
  4 dart slugs
  2 worms
  A giant gecko (D:1)
  5 orcs
  6 bats
  3 giant cockroaches
  6 goblins
  6 hobgoblins
  A ball python (D:2)
  3 giant newts
  5 kobolds
  7 rats
53 creatures vanquished.

Notes
Turn   | Place    | Note
--------------------------------------------------------------
     0 | D:1      | oplop the Vine Stalker Assassin began the quest for the Orb.
     0 | D:1      | Reached XP level 1. HP: 11/11 MP: 2/2
   214 | D:1      | Reached XP level 2. HP: 15/15 MP: 3/3
   295 | D:1      | Reached skill level 5 in Stealth
   471 | D:1      | Reached XP level 3. HP: 18/18 MP: 4/4
  1123 | D:2      | Found an opulent altar of Gozag.
  1206 | D:2      | Found a bloodstained altar of Trog.
  1351 | D:2      | Found a hide-covered altar to Ukayaw.
  1802 | D:3      | oplop: казуал, ты?
  1802 | D:3      | oplop: выйди из сумрака
  1851 | D:3      | Reached XP level 4. HP: 23/23 MP: 5/5
  2050 | D:3      | Wingboner: Йа.
  2428 | D:4      | Wingboner: Сделал духз, но на зот5 поймал баниш от алича, лол.
  2428 | D:4      | Wingboner: Вышел сразу, но ачивку теперь не засчитает.
  2428 | D:4      | oplop: ххы
  2462 | D:4      | Reached XP level 5. HP: 4/27 MP: 6/6
  2556 | D:4      | Noticed oplop's ghost (amateur VSEn)
  2557 | D:4      | oplop: сука
  2557 | D:4      | oplop: никто не играет
  2557 | D:4      | oplop: свои же госты заебывают
  2557 | D:4      | Wingboner: Хм?
  2557 | D:4      | Wingboner: Я играю.
  2557 | D:4      | Wingboner: Только вот не умираю пока.
  2557 | D:4      | oplop: 1ну вот
  2570 | D:4      | Noticed an ogre
  2590 | D:4      | Wingboner: ГДА нашёл. За сприггана.
  2594 | D:3      | oplop: носи
  2594 | D:3      | Wingboner: Был бы другой бог — дропнул бы, к Чеи ушёл и носил.
  2594 | D:3      | Wingboner: А с этим неохота.
  2594 | D:3      | Wingboner: Хепл.
  2594 | D:3      | oplop: да я видел
  2594 | D:3      | Wingboner: Не брошу няшку!!11
  2594 | D:3      | oplop: охуенно бегать спригганом от своего предка?
  2594 | D:3      | Wingboner: Да.
  2594 | D:3      | oplop: ??Gods
  2594 | D:3      | beem: gods[1/3]: '?' '/' 'G' for a complete list (in game). Type "?? reasons" (in IRC) to get a list of reasons which might motivate you to worship that particular god.
  2594 | D:3      | Wingboner: Т.к. стабаешь, не мешает. А когда нужен — призываешь.
  2594 | D:3      | Wingboner: Очень удобно.
  2594 | D:3      | Wingboner: За других приходилось tw делать.
  2594 | D:3      | oplop: какой там у хеплы гнев?
  2610 | D:3      | Wingboner: ??hepl wrath
  2680 | D:3      | beem: hepl wrath ~ hep wrath ~ hepliaklqana wrath[1/1]: Prevent all XP gain. Lasts until enough XP has been penalized. Total cost as Ash wrath.
  2680 | D:3      | oplop: хы
  2680 | D:3      | oplop: ??uka wrath
  2680 | D:3      | beem: uka wrath ~ oka wrath ~ okawaru wrath[1/3]: ABANDONMENT: 25 penance. RETRIBUTION: 1+XL/5 punishers, chosen from a list of various powerful humanoids and giants that scale with your XL. See {Okawaru Wrath[2]} for a full list.
  2680 | D:3      | oplop: ??ukayaw wrath
  2680 | D:3      | beem: I don't have a page labeled ukayaw_wrath in my learndb.
  2680 | D:3      | Wingboner: ??ukayaw
  2680 | D:3      | beem: ukayaw[1/3]: Experimental branch god of ecstatic dance. Piety raises very quickly as you deal damage and drops very quickly over time. *: Stomp for AOE damage. **: Teleport through a line of creatures, confusing them. ***: on reaching this piety level, briefly paralyze all enemies in LOS. ****: On reaching this piety level, monsters share damage. *****: Telefrag any monster in LOS.
  2680 | D:3      | oplop: а танцор еще не гневается чтоле
  2680 | D:3      | Wingboner: ??ukayaw[2
  2680 | D:3      | beem: ukayaw powers[1/1]: *: Stomp. **: Line Pass. *****: Grand Finale. Upon reaching ***, briefly and irresistably paralyze all monsters in LOS. Upon reaching ****, pain bond all monsters in LOS. The *** and **** powers can be triggered once per 30 turns. All powers scale heavily w/ Invo.
  2680 | D:3      | Wingboner: ??ukayaw[3
  2680 | D:3      | beem: ukayaw reasons[2/3]: reasons The balrug is hit by a flying piece of Cerebov!
  2680 | D:3      | Wingboner: Нет данных пока.
  2680 | D:3      | oplop: нейм попал в историю
  2680 | D:3      | oplop: телефрагнул бедного церебова
  2712 | D:4      | Killed from afar by an orc priest

Vault maps used:
D:1:      evilmike_arrival_come_back, serial_bayou_pond_a
D:2:      nicolae_overflow_crystal_walls, overflow_temple_1_default,
          trog_hazing_becter
D:3:      first_bread
D:4:      lemuel_round_altar, zin_statuary, fedhas_altar_1,
          kennysheep_little_box, old_standard_altar

Skill      XL: |  1  2 |
---------------+-------+-----
Short Blades   | 2 |  2.9
Throwing       | 2 |  2.8
Fighting       | 2 |  2.8
Stealth        | 5 |  5.8
Dodging        | |  0.7

Action                   |  1- 3 |  4- 6 || total
-------------------------+-------+-------++-------
Melee: Dagger            |   115 |    58 ||   173
       Bite              |    30 |    19 ||    49
 Fire: Blowgun           |     7 |     3 ||    10
Throw: Throwing net      |       |     4 ||     4
  Use: Scroll            |     5 |       ||     5
 Stab: Sleeping          |     6 |     3 ||     9
  Eat: Chunk             |     2 |     4 ||     6
Armor: Robe              |    21 |    15 ||    36
Dodge: Dodged            |    63 |    37 ||   100
